 Dungeon Crawl Stone Soup version 0.17.1-3-g152610e (webtiles) character file.

81 Inkary the Ruffian (level 4, -5/45 HPs)
             Began as a Troll Monk on Apr 27, 2016.
             Slain by Wimasog the merfolk
             ... wielding a +2 vampiric trident
             ... created by the player character
              (13 damage)
             ... on level 3 of the Dungeon.
             The game lasted 00:06:49 (1592 turns).

Inkary the Ruffian (Troll Monk)                     Turns: 1592, Time: 00:06:49

Health: -5/45      AC:  5    Str: 19    XL:     4   Next: 20%
Magic:  3/3        EV: 11    Int:  6    God:
Gold:   78         SH:  0    Dex: 13    Spells: 0 memorised, 3 levels left

rFire  + . .     SeeInvis .       - Unarmed
rCold  + . .     Clarity  .     a - +0 robe
rNeg   . . .     SustAt   .     (no shield)
rPois  +         Gourm    +     (helmet restricted)
rElec  +         Spirit   .     (no cloak)
rCorr  +         Warding  .     (gloves unavailable)
rMut   .         Stasis   .     (boots unavailable)
MR     .....                    (no amulet)
Stlth  +.........               (no ring)
                                (no ring)

@: resistant, not resistant to hostile enchantments, very unstealthy
A: unfitting armour, claws 3, fast metabolism 3, gourmand, regeneration 2,
shaggy fur 1, tough skin 2
a: no special abilities


You were on level 3 of the Dungeon.
You were very full.

You visited 1 branch of the dungeon, and saw 3 of its levels.

You collected 90 gold pieces.

Inventory:

Armour
 a - a +0 robe (worn)
Jewellery
 n - an uncursed ring of protection from cold {unknown}
 o - an uncursed amulet of clarity {unknown}
Scrolls
 c - a scroll of enchant armour {unknown}
 e - a scroll of remove curse {unknown}
 g - a scroll of identify {unknown}
 h - a scroll of magic mapping {unknown}
 p - a scroll of noise {unknown}
Potions
 d - a potion of degeneration {unknown}
 l - a potion of poison {unknown}
Miscellaneous
 q - a plain deck of changes {drawn: 2}
Comestibles
 b - 2 bread rations
 f - a royal jelly
 i - 3 beef jerkies
 j - 4 fruits


   Skills:
 + Level 3.1 Fighting
 + Level 3.1 Dodging
 - Level 1.1 Stealth
 + Level 4.6 Unarmed Combat


You had 3 spell levels left.
You didn't know any spells.

Dungeon Overview and Level Annotations

Branches:
Dungeon (3/15)

Altars:
Nemelex Xobeh


Innate Abilities, Weirdness & Mutations

You are too large for most types of armour.
You have claws for hands.
Your metabolism is lightning-fast.
You like to eat raw meat.
You heal very quickly.
You are covered in fur (AC +1).
You have very tough skin (AC +2).


Message History

Wimasog is severely wounded.
Wimasog barely misses you.
You barely miss Wimasog.
Wimasog is severely wounded.
Wimasog hits you with a vampiric trident.
Wimasog draws strength from your injuries!
You claw Wimasog!
Wimasog is almost dead.
Wimasog hits you with a vampiric trident!
* * * LOW HITPOINT WARNING * * *
Wimasog draws strength from your injuries!
You are too injured to fight recklessly!
You are too injured to fight recklessly!
You are too injured to fight recklessly!
You closely miss Wimasog.
Wimasog is severely wounded.
You scratch Wimasog but do no damage.
Wimasog is severely wounded.
Wimasog hits you with a vampiric trident!
You die...

#.#...##.m..m.[
#############.######.####..
#...........#..........[#..
#.#####.###?#.###m#####.#..
#.# ..#.# #.#.#.# #..
#.###.#.# #.#.#.# #..
#.....#.# #...#.# #..
###########.#.#########.#
###
#...........#..m@.......#
#.#####.###.#.###.#####.#
#.# #.#.# #.# #.# #.# #.#.#
#.# #.# #.# ..#.. #.# ..#
#.#########.# ###
#....(......# #.#########.#
#.#...#...#.#


You could see Wimasog the merfolk.

Vanquished Creatures
  An orc wizard (D:3)
  2 adders (D:2)
  A worm (D:2)
  2 giant geckos (D:1)
  2 orcs (D:3)
  2 giant cockroaches
  6 hobgoblins
  2 kobolds (D:1)
  3 bats
  3 goblins (D:1)
  5 rats
29 creatures vanquished.

Notes
Turn   | Place    | Note
--------------------------------------------------------------
     0 | D:1      | Inkary the Troll Monk began the quest for the Orb.
     0 | D:1      | Reached XP level 1. HP: 22/22 MP: 0/0
   202 | D:1      | Reached XP level 2. HP: 29/29 MP: 1/1
   877 | D:2      | Reached XP level 3. HP: 33/36 MP: 2/2
  1287 | D:3      | Found a sparkling altar of Nemelex Xobeh.
  1295 | D:3      | Reached XP level 4. HP: 29/45 MP: 3/3
  1406 | D:3      | Noticed Wimasog
  1592 | D:3      | Slain by Wimasog the merfolk

Action                   |  1- 3 |  4- 6 || total
-------------------------+-------+-------++-------
Melee: Unarmed           |    53 |    17 ||    70
Evoke: Deck              |       |     2 ||     2
  Use: Potion            |       |     1 ||     1
 Stab: Sleeping          |     2 |     1 ||     3
  Eat: Chunk             |    15 |     4 ||    19
